Map: Ulrena

Players

Soundwave - Winner!

  • Race: Zerg Zerg

A.I. 1 (Very Hard)

  • Race: Protoss Protoss

VOD

Have the link to the VOD?

Description

Time

  • Played on: Nov. 16, 2015, 2:04 p.m.
  • Length: 21:00
Show
View Real Time Build Order
Export as new Build Order

Soundwave Zerg - Winner!

Build Orders: Hatch First, Lurkers 

Get SALT Encoding   

  12  0:02  Drone  
  13  0:12  Drone  
  14  0:17  Overlord  
  14  0:37  Drone  
  15  0:51  Hatchery  
  14  1:06  Drone  
  14  1:08  Drone, Spawning Pool  
  15  1:12  Drone  
  16  1:19  Drone  
  17  1:29  Drone  
  17  1:30  Extractor  
  17  1:40  Drone  
  18  1:53  Drone  
  19  1:57  Queen  
  21  2:03  Queen  
  21  2:04  Drone  
  21  2:05  Drone  
  25  2:13  Zergling x2  
  26  2:20  Drone  
  28  2:30  Drone  
  28  2:32  Overlord x2  
  28  2:40  Metabolic Boost  
  28  2:52  Queen  
  28  2:54  Drone x4  
  33  3:08  Roach Warren  
  32  3:14  Zergling x2  
  32  3:15  Zergling x10  
  38  3:25  Drone  
  38  3:26  Drone x3  
  42  3:32  Evolution Chamber  
  41  3:34  Evolution Chamber  
  40  4:02  Zerg Melee Weapons Level 1  
  40  4:08  Zerg Ground Armor Level 1  
  40  4:11  Drone x4, Extractor  
  43  4:30  Drone  
  44  4:31  Overlord x2  
  44  4:32  Hatchery, Overlord  
  43  4:39  Extractor  
  43  4:40  Drone x2  
  43  4:41  Extractor  
  43  4:59  Lair  
  43  5:05  Roach  
  43  5:06  Roach x4  
  53  5:25  Drone x3  
  53  5:28  Drone  
  57  5:48  Queen  
  59  6:02  Roach x6  
  59  6:03  Roach  
  73  6:05  Overlord x6  
  73  6:10  Zerg Melee Weapons Level 2  
  73  6:15  Zerg Ground Armor Level 2  
  73  6:19  Overseer  
  73  6:45  Drone x2  
  73  6:46  Drone  
  76  6:50  Hydralisk Den  
  75  6:58  Infestation Pit  
  74  7:07  Ravager x2  
  74  7:08  Ravager x3  
  79  7:10  Zergling x14  
  79  7:11  Zergling x4  
  79  7:13  Drone x5  
  93  7:24  Muscular Augments  
  93  7:43  Hydralisk x5  
  104  8:12  Drone  
  104  8:13  Drone x6  
  104  8:14  Drone  
  104  8:15  Overlord x2  
  104  8:19  Overseer  
  111  8:33  Hatchery  
  110  8:34  Lurker Den  
  110  8:37  Hive  
  110  8:57  Hydralisk x4  
  110  8:58  Hydralisk x5  
  98  9:29  Hydralisk  
  98  9:30  Hydralisk x2  
  98  9:31  Zergling x14  
  100  9:32  Zergling x4  
  100  9:35  Hydralisk  
  100  9:36  Hydralisk  
  101  9:50  Queen  
  103  10:09  Lurker x5  
  103  10:11  Zergling x14  
  103  10:12  Zergling x6  
  118  10:23  Extractor  
  118  10:24  Drone x2, Extractor  
  118  10:25  Drone  
  118  10:26  Drone x3  
  123  10:28  Drone x3  
  125  10:48  Queen  
  127  10:57  Zerg Melee Weapons Level 3  
  127  10:58  Zerg Ground Armor Level 3  
  127  11:03  Adrenal Glands  
  127  11:08  Drone x4  
  127  11:10  Drone x4  
  129  11:59  Hydralisk x3  
  126  12:04  Overlord x7  
  126  12:05  Overlord x6  
  106  12:12  Hydralisk x4  
  106  12:13  Hydralisk x3  
  120  12:18  Lurker x3  
  120  12:19  Lurker x2  
  119  12:53  Zergling x8  
  119  12:54  Zergling x16  
  119  12:56  Ultralisk Cavern  
  130  13:11  Hydralisk  
  130  13:12  Hydralisk x7  
  138  13:13  Hydralisk x4  
  152  13:57  Extractor  
  152  14:00  Extractor  
  150  14:06  Hydralisk x4  
  150  14:08  Ultralisk x5  
  188  14:10  Zergling x14  
  188  14:11  Zergling x14  
  188  14:12  Zergling x2  
  143  14:40  Ultralisk x2  
  143  14:41  Zergling x6  
  143  14:42  Zergling x14  
  143  14:43  Zergling x6  
  168  14:47  Chitinous Plating  
  168  14:53  Zerg Missile Weapons Level 1  
  168  14:55  Zergling x8  
  172  15:38  Hatchery  
  171  15:49  Ultralisk x3  
  189  15:50  Zergling x6  
  189  15:51  Zergling x14  
  189  15:52  Zergling x2  
  200  16:36  Hatchery  
  200  16:38  Extractor x2  
  197  16:46  Hydralisk x5  
  197  16:47  Hydralisk x2  
  184  17:00  Ultralisk x2  
  195  17:17  Zergling x4  
  195  17:18  Zergling x6  
  197  17:37  Queen  
  199  17:53  Lair  
  199  18:06  Zergling x2  
  199  18:16  Zergling x4  
  199  18:17  Zergling x4  
  197  18:56  Tunneling Claws  
  197  19:34  Spire  
  196  19:45  Zergling x2  
  196  19:46  Zergling x4  
Show
View Real Time Build Order
Export as new Build Order

A.I. 1 (Very Hard) Protoss 

Build Orders:  

Get SALT Encoding   

  12  0:01  Probe (Chrono Boost)  
  13  0:11  Probe (Chrono Boost)  
  14  0:20  Pylon  
  14  0:22  Probe (Chrono Boost)  
  15  0:38  Probe (Chrono Boost)  
  16  0:47  Assimilator  
  16  0:49  Probe (Chrono Boost)  
  17  0:51  Gateway  
  17  0:59  Probe (Chrono Boost)  
  17  1:00  Pylon  
  18  1:10  Probe (Chrono Boost)  
  19  1:20  Probe (Chrono Boost)  
  20  1:31  Probe (Chrono Boost)  
  21  1:38  Zealot  
  21  1:41  Cybernetics Core  
  21  1:42  Probe (Chrono Boost)  
  24  1:54  Probe (Chrono Boost)  
  25  2:01  Nexus  
  25  2:13  Gateway  
  25  2:21  Pylon  
  25  2:23  Zealot  
  25  2:24  Warp Gate  
  25  2:29  Probe (Chrono Boost)  
  28  2:40  Assimilator  
  28  2:41  Probe (Chrono Boost)  
  29  2:49  Adept  
  31  2:53  Probe (Chrono Boost)  
  32  2:59  Adept  
  32  3:04  Pylon  
  32  3:05  Probe (Chrono Boost)  
  35  3:15  Adept  
  35  3:16  Probe (Chrono Boost)  
  38  3:25  Stalker  
  41  3:28  Probe (Chrono Boost)  
  41  3:29  Probe (Chrono Boost)  
  42  3:39  Probe (Chrono Boost)  
  42  3:40  Probe (Chrono Boost)  
  44  3:45  Robotics Facility  
  44  3:50  Probe (Chrono Boost)  
  44  3:51  Probe (Chrono Boost)  
  44  3:52  Adept  
  48  4:00  Adept  
  48  4:01  Probe (Chrono Boost)  
  52  4:02  Probe (Chrono Boost)  
  52  4:13  Probe (Chrono Boost), Pylon  
  52  4:14  Probe (Chrono Boost)  
  55  4:24  Probe (Chrono Boost)  
  55  4:25  Probe (Chrono Boost)  
  55  4:28  Stalker  
  58  4:32  Immortal  
  58  4:36  Probe x2 (Chrono Boost)  
  58  4:37  Pylon  
  64  4:40  Stalker  
  66  4:47  Probe (Chrono Boost)  
  66  4:48  Probe (Chrono Boost)  
  68  4:53  Robotics Facility  
  68  4:54  Stalker  
  70  5:05  Probe (Chrono Boost)  
  70  5:07  Probe (Chrono Boost), Immortal  
  72  5:12  Pylon  
  72  5:14  Pylon  
  76  5:21  Stalker  
  78  5:25  Twilight Council  
  78  5:35  Assimilator  
  78  5:38  Assimilator  
  78  5:40  Probe (Chrono Boost)  
  78  5:41  Probe (Chrono Boost)  
  80  5:48  Pylon  
  80  5:52  Gateway  
  80  5:58  Probe x2 (Chrono Boost)  
  80  6:03  Zealot  
  84  6:06  Templar Archives  
  84  6:09  Probe x2 (Chrono Boost)  
  86  6:14  Pylon  
  86  6:20  Probe (Chrono Boost)  
  87  6:29  Sentry  
  89  6:33  Stalker  
  89  6:34  Pylon  
  91  6:42  Gateway  
  91  6:45  Zealot  
  93  6:49  High Templar  
  93  6:53  Forge  
  95  6:54  Stalker  
  95  6:57  Forge  
  97  7:04  Stalker  
  97  7:07  Nexus  
  99  7:08  Observer  
  100  7:16  High Templar  
  100  7:19  High Templar  
  100  7:22  Pylon  
  104  7:25  Sentry  
  104  7:28  Photon Cannon  
  106  7:31  Photon Cannon  
  106  7:34  Photon Cannon  
  106  7:36  High Templar  
  108  7:39  Gateway  
  108  7:40  Pylon  
  108  7:41  Psionic Storm  
  108  7:45  Warp Prism  
  110  7:51  Stalker  
  110  7:53  Warp Prism  
  110  7:55  Stalker  
  116  8:00  Photon Cannon  
  116  8:05  Sentry  
  118  8:18  Zealot  
  118  8:19  High Templar  
  125  8:20  Probe x3 (Chrono Boost)  
  125  8:26  Assimilator  
  125  8:27  Zealot x2  
  125  8:32  Probe (Chrono Boost), Zealot  
  125  8:33  Probe (Chrono Boost)  
  134  8:34  Probe (Chrono Boost)  
  134  8:37  Protoss Ground Weapons Level 1, Pylon, High Templar  
  134  8:40  Assimilator  
  136  8:43  Probe (Chrono Boost)  
  136  8:45  Probe (Chrono Boost)  
  136  8:46  Probe (Chrono Boost), Protoss Ground Armor Level 1  
  139  8:52  Photon Cannon  
  141  8:55  Probe (Chrono Boost)  
  141  8:56  Probe (Chrono Boost)  
  141  8:57  Pylon  
  141  8:58  Probe (Chrono Boost)  
  141  9:00  Photon Cannon  
  141  9:02  Pylon  
  142  9:05  High Templar  
  142  9:07  Probe (Chrono Boost)  
  142  9:08  Probe (Chrono Boost), Zealot x2  
  142  9:09  Probe (Chrono Boost)  
  151  9:10  Zealot x2  
  141  9:18  Probe (Chrono Boost)  
  134  9:25  Archon  
  134  9:26  Photon Cannon  
  134  9:28  Stalker, Zealot  
  134  9:29  Sentry, High Templar  
  128  9:35  Sentry  
  110  9:40  Photon Cannon  
  101  9:47  Zealot  
  101  9:48  Observer  
  101  9:50  Zealot  
  101  9:51  Adept  
  107  9:57  Sentry  
  107  9:58  Stalker  
  111  10:06  Gateway, Zealot  
  113  10:09  Zealot  
  113  10:10  Archon x2  
  113  10:11  Stalker  
  113  10:12  Archon  
  117  10:16  Nexus, Photon Cannon  
  117  10:19  Adept  
  117  10:21  Adept  
  121  10:25  Zealot  
  121  10:27  Stalker  
  125  10:32  Adept  
  125  10:34  Charge  
  127  10:38  High Templar  
  127  10:39  Stalker  
  131  10:44  High Templar  
  131  10:49  Stalker  
  135  10:51  High Templar  
  136  10:59  Stalker  
  136  11:00  Stalker  
  140  11:09  High Templar  
  140  11:10  Sentry  
  144  11:13  Photon Cannon  
  144  11:14  Stalker  
  146  11:20  Stalker  
  146  11:21  High Templar  
  150  11:29  Probe x2 (Chrono Boost), High Templar  
  150  11:30  Probe (Chrono Boost)  
  155  11:38  Assimilator  
  155  11:39  High Templar  
  157  11:41  Pylon  
  157  11:45  Assimilator  
  155  11:47  Observer x2  
  155  11:48  Nexus, Zealot x3  
  155  11:51  Zealot  
  155  11:53  Probe x3 (Chrono Boost)  
  152  11:56  Probe (Chrono Boost)  
  152  11:59  Zealot  
  137  12:01  Photon Cannon  
  137  12:06  Archon  
  137  12:07  Stalker, High Templar  
  137  12:08  Zealot x2  
  109  12:10  Zealot  
  109  12:11  Pylon  
  109  12:18  Zealot  
  109  12:26  Adept, Zealot  
  109  12:28  Stalker  
  109  12:29  Stalker  
  117  12:33  Photon Cannon  
  117  12:35  Photon Cannon  
  117  12:36  Zealot  
  119  12:37  Sentry  
  121  12:45  Stalker x2  
  121  12:49  High Templar  
  121  12:50  Stalker  
  129  12:53  Protoss Ground Weapons Level 2  
  129  12:54  Stalker  
  131  12:58  Stalker  
  131  13:02  Robotics Bay  
  133  13:05  Sentry  
  133  13:06  Zealot  
  133  13:10  Assimilator  
  133  13:11  Stalker  
  133  13:12  Pylon  
  139  13:15  Stalker  
  139  13:18  Stalker  
  139  13:19  Blink  
  143  13:20  Sentry  
  143  13:25  Adept  
  147  13:32  Photon Cannon  
  147  13:34  Pylon  
  147  13:40  Stargate  
  147  13:44  Colossus, Robotics Facility  
  147  13:46  Nexus  
  147  13:48  Disruptor  
  147  13:51  Zealot  
  147  13:53  Zealot  
  147  13:55  Probe (Chrono Boost)  
  160  13:56  Probe (Chrono Boost)  
  160  13:58  Probe (Chrono Boost)  
  160  14:00  Probe (Chrono Boost)  
  160  14:01  Probe (Chrono Boost)  
  153  14:08  Probe (Chrono Boost)  
  142  14:10  Probe x2 (Chrono Boost)  
  142  14:12  Probe (Chrono Boost)  
  129  14:19  Probe (Chrono Boost)  
  112  14:26  Pylon  
  112  14:28  Zealot  
  111  14:32  Probe (Chrono Boost)  
  111  14:33  Probe x2 (Chrono Boost)  
  111  14:34  Nexus  
  111  14:37  Probe (Chrono Boost)  
  111  14:38  Sentry  
  116  14:41  Zealot  
  116  14:43  Probe (Chrono Boost)  
  121  14:45  Probe x2 (Chrono Boost)  
  121  14:48  Probe (Chrono Boost), Disruptor  
  125  14:54  Probe (Chrono Boost)  
  125  14:56  Disruptor  
  125  14:57  Probe (Chrono Boost)  
  125  14:58  Probe (Chrono Boost)  
  129  15:00  Probe (Chrono Boost)  
  132  15:10  Sentry  
  132  15:13  Zealot  
  136  15:15  Adept  
  136  15:17  Colossus  
  138  15:22  Photon Cannon  
  138  15:23  Protoss Ground Armor Level 2, Pylon  
  138  15:25  Colossus, Pylon  
  138  15:26  Zealot  
  146  15:35  Adept  
  154  15:54  Photon Cannon  
  154  15:56  Observer Gravitic Boosters, Photon Cannon  
  154  15:58  Photon Cannon  
  154  16:01  Robotics Facility  
  154  16:03  Pylon  
  154  16:07  Warp Prism  
  154  16:12  Colossus  
  156  16:19  Nexus  
  162  16:30  Zealot  
  162  16:32  Zealot  
  166  16:36  Probe (Chrono Boost)  
  166  16:37  Probe (Chrono Boost)  
  166  16:38  Probe (Chrono Boost)  
  166  16:39  Warp Prism  
  160  16:40  Probe (Chrono Boost)  
  160  16:44  Extended Thermal Lance  
  142  16:52  Stalker  
  87  16:55  Zealot  
  87  16:58  Adept  
  87  17:01  Stalker  
  84  17:04  Stalker, Nexus  
  84  17:08  Stalker  
  84  17:13  Zealot  
  84  17:14  Adept  
  55  17:30  Zealot  
  55  17:33  Adept  
  50  17:39  Stalker  
  50  17:43  Stalker  
  54  17:48  Stalker  
  54  17:49  Nexus  
  56  17:52  Stalker  
  56  17:53  Sentry  
  56  17:57  Zealot  
  62  18:00  Adept  
  62  18:03  Probe (Chrono Boost)  
  62  18:04  Probe (Chrono Boost)  
  67  18:06  Probe (Chrono Boost)  
  67  18:07  Probe (Chrono Boost)  
  67  18:11  Stalker  
  70  18:14  Probe (Chrono Boost)  
  70  18:15  Probe (Chrono Boost)  
  70  18:16  Zealot  
  64  18:22  Adept  
  64  18:27  Stalker  
  18  19:00  Nexus  
  11  19:44  High Templar  
  13  19:51  High Templar  
  15  19:53  Nexus  
  15  19:59  High Templar  
  15  20:06  High Templar  
  15  20:13  High Templar  
Tags
 
Composition
Lurkers
Matchup
PvZ
Replay Pack
First Pack
Add a new tag
Caveats
  • Supply blocks, unpowered buildings, or Contaminate may cause inaccurate times.
  • Supply counts are checked every 10 seconds.